 Dungeon Crawl Stone Soup version 0.21.1-1-g345015fe64 (webtiles) character file.

72 Holzbalken the Cudgeler (level 4, -1/28 HPs)
             Began as a Gargoyle Monk on July 17, 2018.
             Slain by an orc
             ... wielding a +0 whip
              (2 damage)
             ... on level 2 of the Dungeon.
             The game lasted 00:05:46 (1659 turns).

Holzbalken the Cudgeler (Gargoyle Monk)             Turns: 1659, Time: 00:05:46

Health: -1/28      AC: 11    Str: 20    XL:     4   Next: 25%
Magic:  4/4        EV: 10    Int: 16    God:
Gold:   95         SH:  0    Dex: 12    Spells: 3/3 levels left

rFire    . . .     SeeInvis .   r - +0 flail
rCold    . . .     Gourm    .   (no shield)
rNeg     + . .     Faith    .   q - +0 scale mail
rPois    ∞         Spirit   .   v - +0 helmet
rElec    +         Reflect  .   o - +0 cloak
rCorr    .         Harm     .   (no gloves)
MR       .....                  (no boots)
Stlth    +.........             (no amulet)
HPRegen  0.09/turn              (no ring)
MPRegen  0.09/turn              (no ring)

@: mighty, brilliant
A: negative energy resistance 1, electricity resistance, unbreathing,
petrification resistance, rot immunity, AC +3
a: no special abilities


You were on level 2 of the Dungeon.
You were hungry.

You visited 1 branch of the dungeon, and saw 3 of its levels.

You collected 95 gold pieces.

Inventory:

Hand Weapons
 a - a +0 mace
 r - a +0 flail (weapon)
Armour
 b - a +0 robe
 j - a +0 leather armour
 o - a +0 cloak (worn)
 q - a +0 scale mail (worn)
 v - a +0 helmet (worn)
Jewellery
 e - an uncursed ring of see invisible {unknown}
 k - an uncursed ring of poison resistance {unknown}
Scrolls
 f - 2 scrolls of remove curse {unknown}
 h - a scroll of blinking {unknown}
 i - 5 scrolls of identify {unknown}
 n - a scroll of amnesia {unknown}
 s - a scroll of noise {unknown}
Potions
 l - a potion of invisibility {unknown}
 p - a potion of agility {unknown}
 t - a potion of haste {unknown}
 u - a potion of degeneration {unknown}
Comestibles
 c - 5 rations
 m - 3 chunks of flesh


   Skills:
 - Level 3.2 Fighting
 + Level 5.0 Maces & Flails
 - Level 2.4 Dodging
 - Level 2.1 Stealth


You had 3 spell levels left.
You didn't know any spells.

Dungeon Overview and Level Annotations

Branches:
Dungeon (3/15)

Altars:
Makhleb


Innate Abilities, Weirdness & Mutations

You are resistant to torment.
Your stone body is resilient. (AC +3)
You are immune to poison.
You resist negative energy. (rN+)
You are resistant to electric shocks. (rElec)
You can survive without breathing.
You are immune to petrification.
You are immune to rotting.


Message History

Your Maces & Flails skill increases to level 5!
The adder barely misses you. The orc wizard barely misses you.
The orc hits you but does no damage. The orc closely misses you.
The orc hits you.
* * * LOW HITPOINT WARNING * * *
The adder bites you.
* * * LOW HITPOINT WARNING * * *
The orc wizard hits you but does no damage.
The orc hits you but does no damage.
Unknown command.
It was a potion of might.
You feel very mighty all of a sudden. The orc closely misses you.
The adder bites you but does no damage. The orc misses you.
The orc barely misses you.
The orc wizard hits you but does no damage.
It was a potion of brilliance.
You feel clever all of a sudden. The adder barely misses you.
The orc closely misses you. The orc barely misses you.
The orc hits you with a whip.
You die...

#.#.#.####..........#........####
#.#.#.###.......<.....####.......
#.#.#...#.###..#..)..........###.
#.#.###.#.#.....(............# #.
'.#÷# #.#.#..................# #.
###.# #.#.#####..............###.
# #.# #.#...........#............
###.###.#######oo#####...########
....#..........o@S...+...'.......
################o#####...########
.....................'....#
################.#####....# #.#
#....# #.# #....# #.# #..).# #.#
#....# #.# #....#


You could see an orc wizard, an adder and 3 orcs.

Vanquished Creatures
  4 adders (D:2)
  2 oozes
  An orc (D:2)
  A goblin (D:1)
  3 hobgoblins (D:2)
  2 jackals (D:2)
  5 kobolds
  A quokka (D:2)
  A bat (D:2)
  A frilled lizard (D:1)
  9 rats
30 creatures vanquished.

Notes
Turn   | Place    | Note
-------+----------+-------------------------------------------
     0 | D:1      | Holzbalken the Gargoyle Monk began the quest for the Orb.
     0 | D:1      | Reached XP level 1. HP: 14/14 MP: 1/1
   403 | D:1      | Reached XP level 2. HP: 14/19 MP: 2/2
   727 | D:2      | Reached skill level 4 in Maces & Flails
   841 | D:2      | Reached XP level 3. HP: 22/23 MP: 3/3
   886 | D:2      | Found a burning altar of Makhleb.
  1476 | D:2      | Reached XP level 4. HP: 25/28 MP: 4/4
  1657 | D:2      | Reached skill level 5 in Maces & Flails
  1657 | D:2      | HP: 1/28 [adder (1)]
  1659 | D:2      | Slain by an orc

Skill      XL: |  1  2  3  4 |
---------------+-------------+-----
Maces & Flails | 4 5 |  5.0
Fighting       | |  3.2
Dodging        | |  2.4
Stealth        | |  2.1

Action                   |  1- 3 |  4- 6 || total
-------------------------+-------+-------++-------
Melee: Mace              |    67 |       ||    67
       Flail             |    45 |    15 ||    60
  Use: Potion            |       |     2 ||     2
  Eat: Chunk             |     2 |       ||     2
Armor: Robe              |     6 |       ||     6
       Leather armour    |    11 |       ||    11
       Scale mail        |    38 |    37 ||    75
Dodge: Dodged            |    69 |    36 ||   105
